 Dungeon Crawl Stone Soup version 0.28-a0-1594-ga885d4b3d6 (webtiles) character file.

Game seed: 369852427052461770

65 fragbeetle the Chiller (level 4, -4/30 HPs)
             Began as a Merfolk Ice Elementalist on Jan 21, 2022.
             Killed by divine providence
             ... invoked by an orc priest
              (10 damage)
             ... on level 3 of the Dungeon.
             The game lasted 00:03:28 (2041 turns).

fragbeetle the Chiller (Merfolk Ice Elementalist)   Turns: 2041, Time: 00:03:28

Health: -4/30      AC:  2    Str: 10    XL:     4   Next: 14%
Magic:  7/7        EV: 13    Int: 20    God:
Gold:   116        SH:  0    Dex: 14    Spells: 0/7 levels left

rFire   . . .      SeeInvis .   f - +3 whip (vamp)
rCold   . . .      Faith    .   (no shield)
rNeg    . . .      Spirit   .   a - +0 robe
rPois   .          Reflect  .   (no helmet)
rElec   .          Harm     .   (no cloak)
rCorr   .          Rampage  .   (no gloves)
Will    .....                   (no boots)
Stlth   ++........              (no amulet)
HPRegen 0.10/turn               h - +6 ring of intelligence
MPRegen 0.10/turn               (no ring)

@: no status effects
A: (nimble swimmer 2), mertail
a: no special abilities


You were on level 3 of the Dungeon.
You visited 1 branch of the dungeon, and saw 3 of its levels.

You collected 116 gold pieces.

Inventory:

Hand Weapons
 f - a +3 vampiric whip (weapon)
Missiles
 d - 36 stones
Armour
 a - a +0 robe (worn)
Jewellery
 h - a +6 ring of intelligence (left hand)
Scrolls
 b - a scroll of identify {unknown}
 c - a scroll of fog {unknown}
 e - a scroll of teleportation {unknown}
 g - a scroll of enchant armour {unknown}
Potions
 i - 2 potions of attraction {unknown}


   Skills:
 + Level 3.9 Dodging
 - Level 2.1 Stealth
 - Level 2.0 Spellcasting
 * Level 5.6 Ice Magic


You couldn't memorise any spells.
You knew the following spells:

 Your Spells              Type           Power      Damage    Failure   Level
a - Freeze                Ice            96%        1d11      1%          1
b - Frozen Ramparts       Ice            48%        1d6       4%          3
c - Ozocubu's Armour      Ice            24%        N/A       4%          3

Your spell library contained the following spells:

 Spells                   Type           Power      Damage    Failure   Level
 Hailstorm                Conj/Ice       13%        3d5       45%         4


Dungeon Overview and Level Annotations

Branches:
Dungeon (3/15)

Altars:


Innate Abilities, Weirdness & Mutations

((You are very nimble when in or above water. (Stealth+, EV+, Speed+++)))
Your lower body shifts to a powerful aquatic tail in water.


Message History

You kill the adder!
You have reached level 4!
You start resting.
Magic restored.
This spell is dangerous to cast!
Memorise Ozocubu's Armour, consuming 3 spell levels and leaving 0?
You start memorising the spell.
You continue memorising. x3
You finish memorising.
Spell assigned to 'c'.
You see here a worm corpse.
You now have 105 gold pieces (gained 10).
HP restored.
Found a stone staircase leading down.
There is a stone staircase leading down here.
Found a leather armour.
Casting: Freeze (safe; 1% risk of failure)
Confirm with . or Enter, or press ? or * to list all spells.
Okay, then.
Unknown command.
Found a stone staircase leading up.
You now have 116 gold pieces (gained 11).
Found a spear.
Okay, then.
An adder, an orc and an orc priest come into view.
The orc priest shouts!
You hear a shout!
An orc comes into view. It is wielding a +0 war axe.
An orc wizard comes into view. It is wielding a +0 dagger.
A rat comes into view.
An orc comes into view. It is wielding a +0 war axe.
The orc priest calls down the wrath of Beogh upon you.
Beogh smites you!
You hear a shout!
The orc priest calls down the wrath of Beogh upon you.
Beogh smites you!
Ouch! That really hurt!
* * * LOW HITPOINT WARNING * * *
You hear an angry hiss.
You open the door.
The orc priest calls down the wrath of Beogh upon you.
Beogh smites you!
You die...

#..........#. ... #####
#............ #.. #...#
#..........## #..####### ##...#
############. #........ .#...# #.
......####.#...########### #.
####........#.............# #.
#...........#.............# #.
.#.#......<..###@..........# #.
...............'...........# #.
.##...........##......o....# #.
#............###.#####....# #.
##.#............#.# #....# ##
...#.############.#####....######
...............).................
##............###.#####....######
#............# #.# ######


You could see an orc priest.

Vanquished Creatures
  3 adders
  2 worms
  7 ball pythons
  2 bats (D:1)
  An endoplasm (D:2)
  3 giant cockroaches
  3 hobgoblins
  2 jackals (D:1)
  2 quokkas
  3 frilled lizards
  2 goblins
  A kobold (D:1)
  A rat (D:2)
32 creatures vanquished.

Notes
Turn   | Place    | Note
-------+----------+-------------------------------------------
     0 | D:1      | fragbeetle the Merfolk Ice Elementalist began the quest for
                  | the Orb.
     0 | D:1      | Reached XP level 1. HP: 13/13 MP: 3/3
   429 | D:1      | Reached XP level 2. HP: 16/19 MP: 3/5
   940 | D:2      | Reached skill level 5 in Ice Magic
   972 | D:2      | Reached XP level 3. HP: 14/24 MP: 3/6
  1091 | D:2      | Learned a level 3 spell: Frozen Ramparts
  1287 | D:2      | Found a faded altar of an unknown god.
  1807 | D:3      | Reached XP level 4. HP: 22/30 MP: 3/7
  1843 | D:3      | Learned a level 3 spell: Ozocubu's Armour
  2041 | D:3      | Killed from afar by an orc priest

Illustrated notes

Levels and vault maps discovered:
D:1:      minmay_arrival_semitransparent, layout_rooms, st_stairs_8,
          minivault_4, chequers_mini_garden
D:2:      layout_loops_cross, nicolae_ecumenical_snake_handling,
          minmay_misc_feat_encased
D:3:      layout_basic, nicolae_tso_besieged_by_evil, minmay_shallow_snake_nest

Skill      XL: |  1  2 |
---------------+-------+-----
Dodging        | 3 |  3.9
Ice Magic      | 5 |  5.6
Stealth        | |  2.1
Spellcasting   | |  2.0

Action                   |  1- 3 |  4- 6 || total
-------------------------+-------+-------++-------
Melee: Unarmed           |     8 |       ||     8
       Whip              |    57 |       ||    57
       Punch             |     2 |       ||     2
 Cast: Freeze            |    24 |       ||    24
 Stab: Sleeping          |     5 |       ||     5
Armor: Robe              |     4 |       ||     4
Dodge: Dodged            |    51 |       ||    51

Table legend: (Time is in decaauts)
 A = Elapsed time spent in this place.
 B = Non-inter-level travel time spent in this place.
 C = Inter-level travel time spent in this place.
 D = Time resting spent in this place.
 E = Time spent auto-exploring this place.
 F = Levels seen in this place.
 G = Mean time per level.
                   A        B        C        D        E       F      G
               +--------+--------+--------+--------+--------+-----+--------+
         Total |   2041 |   1956 |     85 |    472 |   1099 |   3 |  680.3 |
       Dungeon |   2041 |   1956 |     85 |    472 |   1099 |   3 |  680.3 |
               +--------+--------+--------+--------+--------+-----+--------+

Top non-repeatable levels by time:
     D:2: 900 daAuts
     D:1: 850 daAuts
     D:3: 290 daAuts
